 Dungeon Crawl Stone Soup version 0.22.0-27-ga576289 (webtiles) character file.

517 poirepourri the Thaumaturge (level 7, -5/36 HPs)
             Began as a Deep Elf Conjurer on Aug 21, 2018.
             Was a Follower of Vehumet.
             Blown up by Ijyb (8 damage)
             ... with a wand of disintegration (9)
             ... on level 5 of the Dungeon.
             The game lasted 00:04:27 (4878 turns).

poirepourri the Thaumaturge (Deep Elf Conjurer)     Turns: 4878, Time: 00:04:28

Health: -5/36      AC:  3    Str:  5    XL:     7   Next: 0%
Magic:  27/31      EV: 13    Int: 22    God:    Vehumet [*.....]
Gold:   244        SH:  0    Dex: 15    Spells: 8/26 levels left

rFire    . . .     SeeInvis .   b - +0 short sword
rCold    . . .     Gourm    .   (no shield)
rNeg     . . .     Faith    .   a - +0 robe
rPois    .         Spirit   .   f - +0 helmet
rElec    .         Reflect  .   (no cloak)
rCorr    .         Harm     .   (no gloves)
MR       .....                  (no boots)
Stlth    ++........             (no amulet)
HPRegen  0.12/turn              n - ring of magical power
MPRegen  0.22/turn              (no ring)

@: no status effects
A: no striking features
a: Renounce Religion


You were on level 5 of the Dungeon.
You worshipped Vehumet.
Vehumet was aware of your devotion.
You were full.

You visited 2 branches of the dungeon, and saw 6 of its levels.

You collected 244 gold pieces.

Inventory:

Hand Weapons
 b - a +0 short sword (weapon)
Armour
 a - a +0 robe (worn)
 f - a +0 helmet (worn)
Jewellery
 n - a ring of magical power (left hand)
 s - an uncursed ring of protection from cold {unknown}
Wands
 o - a wand of polymorph (11)
Scrolls
 i - 3 scrolls of fear
 l - a scroll of teleportation {unknown}
 m - a scroll of identify
 r - 2 scrolls of remove curse {unknown}
 t - 2 scrolls of magic mapping
 v - a scroll of fog {unknown}
Potions
 d - a potion of cancellation
 e - a potion of mutation
 g - 2 potions of brilliance
 h - a potion of resistance
 j - 3 potions of curing {unknown}
 k - a potion of invisibility {unknown}
 p - a potion of ambrosia {unknown}
 q - 3 potions of lignification {unknown}
 u - a potion of flight
Comestibles
 c - 2 rations


   Skills:
 - Level 2.4 Dodging
 - Level 2.4 Stealth
 - Level 10.1 Spellcasting
 + Level 4.3 Conjurations


You had 8 spell levels left.
You knew the following spells:

 Your Spells              Type           Power        Failure   Level  Hunger
a - Magic Dart            Conj           ####         1%          1    None
b - Searing Ray           Conj           ####..       1%          2    None
c - Dazzling Spray        Conj/Hex       ###...       8%          3    None
d - Iskenderun's Mystic   Conj           ####....     10%         4    ##.....
e - Force Lance           Conj/Tloc      ###.....     24%         4    ##.....
f - Fulminant Prism       Conj/Hex       ###.......   24%         4    ##.....

Your spell library contained the following spells:

 Spells                   Type           Power        Failure   Level  Hunger
 Shock                    Conj/Air       ###.         2%          1    None


Dungeon Overview and Level Annotations

Branches:
Dungeon (5/15)             Temple (1/1) D:4

Altars:
Ashenzari
Cheibriados
Dithmenos
Elyvilon
Fedhas
Kikubaaqudgha
Makhleb
Okawaru
Ru
Trog
Uskayaw
Vehumet
Yredelemnul
Zin
The Shining One

Annotations:
D:5 Ijyb


Message History

Aiming: Searing Ray (safe; 1% risk of failure)
Press: ? - help, Shift-Dir - straight line, f - Ijyb
Aim: Ijyb, wearing a leather armour (resting)
The searing ray hits Ijyb.
Ijyb is lightly wounded.
Ijyb shouts! (Press . to maintain the ray.)
The searing ray misses Ijyb.
Ijyb zaps a wand.
You are blasted!
Ouch! That really hurt!
It is a wand of disintegration (10).
The searing ray hits Ijyb.
Ijyb is lightly wounded.
Ijyb closely misses you.
The searing ray hits Ijyb.
Ijyb is moderately wounded.
You finish channeling your searing ray.
The giant cockroach misses you.
Ijyb zaps a wand.
You are blasted!
* * * LOW HITPOINT WARNING * * *
The giant cockroach closely misses you.
Ijyb zaps a wand.
You are blasted!
You die...

. ##### ...
......####.....
......s@g......
......#.##.....
..... #.# ...
#### #+# .


You could see Ijyb and a giant cockroach.

Vanquished Creatures
  Duvessa (D:4)
  Dowan (D:4)
  A water moccasin skeleton (D:4)
  An orc priest (D:3)
  2 orc wizards (D:3)
  2 iguanas
  A worker ant (D:4)
  4 gnolls (D:4)
  3 adders
  2 oozes
  A worm (D:4)
  A dart slug (D:3)
  2 leopard geckos
  14 orcs
  7 bats
  5 giant cockroaches
  4 hobgoblins
  A ball python (D:4)
  6 frilled lizards
  5 goblins
  5 kobolds
  A quokka skeleton (D:3)
  5 rats
75 creatures vanquished.

Notes
Turn   | Place    | Note
-------+----------+-------------------------------------------
     0 | D:1      | poirepourri the Deep Elf Conjurer began the quest for the Orb.
     0 | D:1      | Reached XP level 1. HP: 10/10 MP: 6/6
   361 | D:1      | Reached skill level 4 in Spellcasting
   361 | D:1      | Reached XP level 2. HP: 15/15 MP: 7/9
   425 | D:1      | Learned a level 2 spell: Searing Ray
  1141 | D:2      | Reached skill level 5 in Spellcasting
  1141 | D:2      | Reached XP level 3. HP: 19/19 MP: 2/11
  2068 | D:3      | Reached XP level 4. HP: 23/24 MP: 6/13
  2117 | D:3      | Reached skill level 6 in Spellcasting
  2176 | D:3      | Learned a level 3 spell: Dazzling Spray
  2181 | D:3      | Learned a level 4 spell: Iskenderun's Mystic Blast
  2186 | D:3      | Learned a level 4 spell: Force Lance
  2620 | D:3      | Reached skill level 7 in Spellcasting
  2627 | D:3      | Reached XP level 5. HP: 28/28 MP: 7/16
  3147 | D:4      | Reached skill level 8 in Spellcasting
  3518 | D:4      | Found a staircase to the Ecumenical Temple.
  3529 | Temple   | Entered the Ecumenical Temple
  3583 | Temple   | Became a worshipper of Vehumet
  3776 | D:4      | Noticed Dowan
  3779 | D:4      | Reached XP level 6. HP: 31/32 MP: 19/19
  3780 | D:4      | Noticed Duvessa
  3800 | D:4      | Killed Duvessa
  3800 | D:4      | Reached skill level 9 in Spellcasting
  4216 | D:4      | Found a white marble altar of Elyvilon.
  4282 | D:4      | Learned a level 4 spell: Fulminant Prism
  4632 | D:4      | Killed Dowan
  4632 | D:4      | Reached skill level 10 in Spellcasting
  4632 | D:4      | Reached XP level 7. HP: 36/36 MP: 19/22
  4821 | D:4      | Reached * piety under Vehumet
  4821 | D:4      | Offered knowledge of Shock by Vehumet.
  4873 | D:5      | Entered Level 5 of the Dungeon
  4873 | D:5      | Noticed Ijyb
  4878 | D:5      | Blown up by Ijyb

Skill      XL: |  1  2  3  4  5  6 |
---------------+-------------------+-----
Spellcasting   | 4 5 7 8 10 | 10.1
Dodging        | |  2.4
Stealth        | |  2.4
Conjurations   | |  4.3

Action                   |  1- 3 |  4- 6 |  7- 9 || total
-------------------------+-------+-------+-------++-------
 Cast: Magic Dart        |    52 |    67 |       ||   119
       Searing Ray       |     4 |    24 |     2 ||    30
       Dazzling Spray    |       |     5 |       ||     5
       Iskenderun's Myst |       |     1 |     1 ||     2
Evoke: Wand              |       |     2 |       ||     2
  Use: Scroll            |     8 |       |       ||     8
       Potion            |     1 |       |       ||     1
  Eat: Chunk             |     3 |     1 |       ||     4
       Ration            |       |     2 |     2 ||     4
Armor: Robe              |     2 |     5 |       ||     7
Dodge: Dodged            |    16 |    17 |     3 ||    36
